 Dungeon Crawl Stone Soup version 0.21-a0-552-g593960d (webtiles) character file.

100 M4edhros the Sneak (level 4, -4/28 HPs)
             Began as an Octopode Artificer on Dec 18, 2017.
             Slain by a gnoll
             ... wielding a +0 halberd
              (12 damage)
             ... on level 4 of the Dungeon.
             The game lasted 00:01:52 (787 turns).

M4edhros the Sneak (Octopode Artificer)              Turns: 787, Time: 00:01:53

Health: -4/28      AC:  1    Str: 11    XL:     4   Next: 73%
Magic:  6/6        EV:  7    Int: 13    God:
Gold:   35         SH:  0    Dex: 13    Spells: 3/3 levels left

rFire    . . .     SeeInvis .   n - +0 rapier
rCold    . . .     Gourm    .   (no shield)
rNeg     . . .     Faith    .   (helmet restricted)
rPois    .         Spirit   .   (no amulet)
rElec    .         Reflect  .   k - ring of wizardry
rCorr    .         Harm     .   (no ring)
MR       .....                  (no ring)
Stlth    ++++......             (no ring)
HPRegen  0.09/turn              (no ring)
MPRegen  0.10/turn              (no ring)
                                (no ring)
                                (no ring)

@: held
A: almost no armour, stealthy swim, amphibious, 8 rings, constrict 8, camouflage
1, gelatinous body 1
a: no special abilities


You were on level 4 of the Dungeon.
You were not hungry.

You visited 1 branch of the dungeon, and saw 4 of its levels.

You collected 35 gold pieces.

Inventory:

Hand Weapons
 a - a +0 short sword
 g - a +0 hunting sling
 m - a +3 hunting sling
 n - a +0 rapier (weapon)
Missiles
 h - 13 stones (quivered)
 i - 41 sling bullets
Jewellery
 k - a ring of wizardry (left tentacle)
Wands
 b - a wand of flame (15)
 c - a wand of enslavement (13)
 d - a wand of random effects (14)
Scrolls
 e - 2 scrolls of amnesia {unknown}
 l - a scroll of enchant weapon {unknown}
 o - 3 scrolls of teleportation {unknown}
 p - a scroll of immolation {unknown}
 q - a scroll of remove curse {unknown}
 r - a scroll of fog {unknown}
 t - a scroll of noise {unknown}
Potions
 s - a potion of mutation {unknown}
Comestibles
 f - a bread ration
 j - a royal jelly


   Skills:
 - Level 1.0 Fighting
 - Level 1.0 Short Blades
 + Level 2.7 Slings
 - Level 2.0 Dodging
 + Level 4.7 Stealth
 - Level 3.2 Evocations


You had 3 spell levels left.
You didn't know any spells.

Dungeon Overview and Level Annotations

Branches:
Dungeon (4/15)
 Temple: D:4-7

Altars:
Elyvilon
Hepliaklqana

Annotations:
D:3 Salmacis's ghost, amateur HOFi


Innate Abilities, Weirdness & Mutations

You cannot wear most types of armour.
You are very stealthy in the water. (Stealth+)
You are amphibious.
You can wear up to eight rings at the same time.
You can use your tentacles to constrict eight enemies at once.
Your skin changes colour to match your surroundings (Stealth+).
Your rubbery body absorbs attacks. (AC +1, EV +1)


Message History

You become entangled in the net!
You see here a throwing net.
Evoke which item? (* to show all) (? for menu, Esc to quit)
Aiming: Enslavement
Press: ? - help, Shift-Dir - straight line, f - gnoll
Aim: a gnoll, wielding a flail (chance to defeat MR: 64%)
The gnoll is charmed.
The gnoll hits you from afar with a halberd.
The gnoll hits you with a flail!
The gnoll hits you from afar with a spear.
* * * LOW HITPOINT WARNING * * *
Okay, then.
Evoke which item? (* to show all) (? for menu, Esc to quit)
Aiming: Enslavement
Press: ? - help, Shift-Dir - straight line, f - gnoll
Aim: a gnoll, wielding a halberd (chance to defeat MR: 64%)
The gnoll struggles to resist.
Your gnoll hits the gnoll with a halberd!
The gnoll hits you from afar with a halberd!
You die...

#.# #.# ####
#.########......
#...............
####.#####......
#..# ......
###.####......
#.............
#.####@####.# #.
#.gg..# #
#..g.g..#
#.......#
...?._......
#.#.......#..
#..#.......#.#.
#. ##.....## # #
###.###


You could see 3 gnolls and a friendly gnoll.

Vanquished Creatures
  2 hounds
  2 adders (D:2)
  A worm (D:2)
  4 giant cockroaches
  5 goblins
  A hobgoblin (D:1)
  A quokka (D:4)
  3 bats
  2 kobolds
  3 rats
24 creatures vanquished.

Notes
Turn   | Place    | Note
-------+----------+-------------------------------------------
     0 | D:1      | M4edhros the Octopode Artificer began the quest for the Orb.
     0 | D:1      | Reached XP level 1. HP: 13/13 MP: 3/3
    49 | D:1      | Reached skill level 2 in Stealth
   163 | D:1      | Reached XP level 2. HP: 17/18 MP: 4/4
   240 | D:2      | Reached skill level 1 in Slings
   240 | D:2      | Reached skill level 3 in Stealth
   249 | D:2      | Reached XP level 3. HP: 23/23 MP: 5/5
   362 | D:2      | Reached skill level 4 in Stealth
   362 | D:2      | Reached XP level 4. HP: 16/28 MP: 6/6
   623 | D:3      | Noticed Salmacis's ghost (amateur HOFi)
   721 | D:4      | Found a white marble altar of Elyvilon.
   782 | D:4      | Found a hazy altar of Hepliaklqana.
   787 | D:4      | Slain by a gnoll

Vault maps used:
D:1:      minmay_arrival_wavy_path
D:2:      st_stairs_5, kennysheep_generic_room_16
D:3:      chequers_temple_overflow_minitemple, uniq_robin
D:4:      kennysheep_mini, old_standard_altar, nicolae_dithmenos_shadow_blocks

Skill      XL: |  1  2  3 |
---------------+----------+-----
Stealth        | 2 3 4 |  4.7
Slings         | 1 2 |  2.7
Fighting       | |  1.0
Short Blades   | |  1.0
Dodging        | |  2.0
Evocations     | |  3.2

Action                   |  1- 3 |  4- 6 || total
-------------------------+-------+-------++-------
Melee: Short sword       |    20 |       ||    20
       Constrict         |     9 |     3 ||    12
       Tentacles         |     2 |     3 ||     5
       Rapier            |     2 |    11 ||    13
 Fire: Hunting sling     |    16 |       ||    16
Evoke: Wand              |     1 |     2 ||     3
 Stab: Sleeping          |     2 |     1 ||     3
Armor: Skin              |     1 |     1 ||     2
Dodge: Dodged            |    15 |     6 ||    21

Table legend:
 A = Spawn XP
 B = Non-spawn XP
 C = Spawn XP percentage of total XP
 D = Spawn monster count
 E = Non-spawn monster count
 F = Spawn count percentage of total count
 G = Total turns spent on level
                    A         B        C        D         E        F      G
               +---------+---------+-------+---------+---------+-------+---------
         Total |       0 |     143 |   0.0 |       0 |      24 |   0.0 |   787
               +---------+---------+-------+---------+---------+-------+---------
           D:1 |       0 |      10 |   0.0 |       0 |       6 |   0.0 |   197
           D:2 |       0 |      84 |   0.0 |       0 |      13 |   0.0 |   395
           D:3 |       0 |       3 |   0.0 |       0 |       2 |   0.0 |    96
           D:4 |       0 |      46 |   0.0 |       0 |       3 |   0.0 |    99
               +---------+---------+-------+---------+---------+-------+---------
